AoeStats
← [Legacy]Julio.01

Arena

510212985Analyzed
3v3 RM · 2d ago on Sep 30, 2026· 48m 21s· 6 players
Game mode
Random Map
Map size
Normal (6 player)
Population
200
Speed
Normal
Resources
Standard
Victory
Conquest
Starting age
Dark Age
Ending age
Imperial Age
RankedLock teamsTeams togetherTeam positionsShared explorationLock speedFull tech treeHidden civsTurbo modeCheats
Victory
Defeat
🇨🇴 Hindustanis · Colombia
1425
+11
🇨🇴 Ethiopians · Colombia
1376
+13
🇨🇱 Teutons · Chile
1321
+16
🇨🇴 Celts · Colombia
1321
-14
🇨🇴 Tupi · Colombia
1317
-13
🇨🇴 Bohemians · Colombia
1311
-13
Logan
11:45 Feudal Age
13:08 Wheelbarrow
13:32 Wheelbarrow
16:12 Castle Age
14:27 Double-Bit Axe
20:33 Loom
41:03 Wagenburg Tactics
44:58 Imperial Age
Mhao
9:21 Loom
17:33 Feudal Age
18:52 Man-at-Arms
19:27 Double-Bit Axe
23:03 Scale Mail Armor
25:46 Wheelbarrow
26:03 Horse Collar
26:20 Gold Mining
29:21 Castle Age
27:46 Stone Mining
30:37 Hand Cart
29:54 Long Swordsman
30:20 Gambesons
31:11 Heavy Plow
32:11 Town Watch
33:16 Bow Saw
33:54 Chain Mail Armor
37:07 Forging
38:41 Town Patrol
39:06 Fortified Wall
39:48 Gold Shaft Mining
39:48 Stone Shaft Mining
40:32 Pikeman
44:21 Imperial Age
45:52 Plate Mail Armor
44:44 Halberdier
46:28 Conscription
48:09 Iron Casting
biodegradable plastic
12:27 Feudal Age
16:40 Castle Age
15:51 Double-Bit Axe
16:01 Stone Mining
16:44 Gold Mining
16:40 Horse Collar
18:13 Fletching
27:28 Wheelbarrow
33:43 Padded Archer Armor
39:39 Loom
42:09 Ballistics
42:58 Hand Cart
45:36 Bow Saw
45:56 Squires
46:23 Heavy Plow
45:50 Pikeman
[Legacy]Julio.01
10:11 Feudal Age
13:46 Castle Age
12:01 Double-Bit Axe
13:30 Horse Collar
14:59 Bow Saw
21:08 Wheelbarrow
22:02 Loom
22:44 Gold Mining
26:28 Imperial Age
23:43 Crossbowman
24:17 Fletching
25:00 Town Watch
25:25 Bodkin Arrow
25:59 Ballistics
26:37 Arbalester
29:52 Chemistry
28:59 Heavy Plow
32:56 Bracer
34:35 Thumb Ring
35:41 Scale Mail Armor
35:51 Forging
36:01 Town Patrol
36:17 Hand Cart
35:38 Onager
39:02 Padded Archer Armor
39:19 Chain Mail Armor
39:39 Iron Casting
40:06 Siege Engineers
41:05 Arson
41:53 Conscription
41:36 Torsion Engines
42:45 Gold Shaft Mining
44:37 Leather Archer Armor
45:23 Blast Furnace
44:54 Plate Mail Armor
47:23 Siege Onager
Solopetrosky
10:08 Feudal Age
15:28 Castle Age
14:35 Double-Bit Axe
14:34 Horse Collar
15:56 Wheelbarrow
18:06 Scale Mail Armor
22:02 Chain Mail Armor
24:20 Forging
27:37 Gold Mining
28:01 Bow Saw
30:46 Iron Casting
30:16 Scale Barding Armor
30:50 Hand Cart
30:45 Heavy Plow
33:05 Chain Barding Armor
34:19 Loom
35:15 Gold Shaft Mining
35:37 Bloodlines
35:27 Husbandry
38:24 Imperial Age
38:30 Light Cavalry
39:58 Plate Barding Armor
40:23 Blast Furnace
38:46 Heavy Camel Rider
39:50 Conscription
39:34 Grand Trunk Road
39:40 Grand Trunk Road
39:50 Hussar
40:24 Imperial Camel Rider
45:15 Padded Archer Armor
46:30 Chemistry
45:51 Ballistics
Condorito
6:32 Loom
8:44 Feudal Age
10:54 Fletching
23:54 Castle Age
34:44 Double-Bit Axe
39:22 Wheelbarrow
39:33 Horse Collar
43:35 Imperial Age
42:11 Scale Barding Armor
42:17 Forging
43:46 Chain Barding Armor
43:40 Bloodlines
44:08 Cavalier
45:37 Hand Cart
46:28 Iron Casting
Connection lost

Rejoining the realm…

Still unreachable

The connection could not be restored.

Session expired

The server has moved on; the page needs a fresh start.